 Dungeon Sprint DCSS version 0.26-a0-665-gefeb406119 (webtiles) character file.

Game seed: 3215412059915940465

105 mhtbhm the Ruffian (level 4, -4/45 HPs)
             Began as a Ghoul Monk on Oct 14, 2020.
             Slain by an iguana (7 damage)
             ... in the Dungeon (Sprint IX: "|||||||||||||||||||||||||||||").
             The game lasted 00:00:18 (79 turns).

mhtbhm the Ruffian (Ghoul Monk)                       Turns: 79, Time: 00:00:19

Health: -4/45      AC:  2    Str: 15    XL:     4   Next: 81%
Magic:  3/3        EV: 14    Int:  5    God:
Gold:   0          SH:  0    Dex: 11    Spells: 3/3 levels left

rFire    . . .     SeeInvis .     - Unarmed
rCold    + . .     Faith    .   (no shield)
rNeg     + + +     Spirit   .   a - +0 robe
rPois    ∞         Reflect  .   (no helmet)
rElec    .         Harm     .   (no cloak)
rCorr    .         Rampage  .   (no gloves)
MR       .....     NoTele   +   (no boots)
Stlth    ++........             (no amulet)
HPRegen  0.00/turn              (no ring)
MPRegen  0.08/turn              (no ring)

@: no status effects
A: rotting body, claws 1, cold resistance 1, negative energy resistance 3,
inhibited regeneration, torment resistance, unbreathing
a: no special abilities


You were in the Dungeon.
You visited 1 branch

Inventory:

Armour
 a - a +0 robe (worn)
Scrolls
 f - a scroll of blinking
Potions
 d - a potion of haste
 e - 2 potions of magic


   Skills:
 + Level 6.3 Fighting
 + Level 5.2 Dodging
 + Level 3.0 Stealth
 + Level 6.8 Unarmed Combat


You had 3 spell levels left.
You didn't know any spells.
Your spell library was empty.

Dungeon Overview and Level Annotations

Branches:
Dungeon (1/1)

Altars:


Innate Abilities, Weirdness & Mutations

Your body is rotting away.
You thrive by killing the living.
You are immune to poison.
You have sharp fingernails.
Your flesh is cold resistant. (rC+)
You are immune to negative energy. (rN+++)
You do not regenerate when monsters are visible.
You are immune to unholy pain and torment.
You can survive without breathing.


Message History

* * * LOW HITPOINT WARNING * * *
You claw the ice beast!
You kill the ice beast!
Your Fighting skill gained 2 levels and is now at level 6!
Your Dodging skill gained 2 levels and is now at level 5!
Your Stealth skill increases to level 3!
Your Unarmed Combat skill gained 2 levels and is now at level 6!
You have reached level 3!
Your experience leads to an increase in your attributes!
Increase (S)trength, (I)ntelligence, or (D)exterity?
You feel stronger.
You have reached level 4!
Okay, then.
You claw the iguana!
The iguana is heavily wounded.
The iguana misses you.
You completely miss the iguana. Your claw misses the iguana.
The iguana is heavily wounded.
The iguana bites you!
You die...

▓.▓
▓.▓
▓'▓
▓)▓
▓.▓
▓.▓
▓.▓
▓.▓
▓@▓
▓l▓
▓Z▓
▓Z▓
▓.▓
▓.▓
▓+▓


You could see an iguana, a jackal zombie and a ball python skeleton.

Vanquished Creatures
  An ice beast (D)
  An adder (D)
  2 goblins (D)
  A hobgoblin (D)
  A jackal (D)
  A rat (D)
7 creatures vanquished.

Notes
Turn   | Place    | Note
-------+----------+-------------------------------------------
     0 | D        | mhtbhm the Ghoul Monk began the quest for the Orb.
     0 | D        | Reached XP level 1. HP: 19/19 MP: 0/0
    55 | D        | Noticed an ice beast
    55 | D        | Noticed an iguana
    65 | D        | Reached XP level 2. HP: 24/28 MP: 1/1
    77 | D        | Killed an ice beast
    77 | D        | Reached skill level 5 in Dodging
    77 | D        | Reached XP level 3. HP: 2/38 MP: 2/2
    77 | D        | Reached XP level 4. HP: 3/45 MP: 3/3
    79 | D        | Slain by an iguana

Illustrated notes

Levels and vault maps discovered:
D:        linesprint [early_d, line_temple, items_1, d_10, items_2, lair_1,
          lair_end, items_3, orc_1, orc_end, items_4, d_15, swamp_1, shoals_1,
          snake_1, spider_1, d_20, vaults_1, items_5, swamp_end, shoals_end,
          snake_end, spider_end, vaults_end, d_27, items_6, zot_1, zot_end,
          crypt_end, forest_end, elf_end, slime_end, tomb_end, abyss_end,
          pan_hell_end]

Skill      XL: |  1  2 |
---------------+-------+-----
Dodging        | 3 5 |  5.2
Fighting       | 4 6 |  6.3
Unarmed Combat | 4 6 |  6.8
Stealth        | 3 |  3.0

Action                   |  1- 3 |  4- 6 || total
-------------------------+-------+-------++-------
Melee: Unarmed           |    34 |     2 ||    36
  Use: Potion            |     2 |       ||     2
Armor: Robe              |     2 |       ||     2
Dodge: Dodged            |    17 |     1 ||    18

Table legend: (Time is in decaauts)
 A = Elapsed time spent in this place.
 B = Non-inter-level travel time spent in this place.
 C = Inter-level travel time spent in this place.
 D = Time resting spent in this place.
 E = Time spent auto-exploring this place.
 F = Levels seen in this place.
 G = Mean time per level.
                   A        B        C        D        E       F      G
               +--------+--------+--------+--------+--------+-----+--------+
         Total |     76 |     76 |      0 |     30 |      3 |   1 |   76.0 |
       Dungeon |     76 |     76 |      0 |     30 |      3 |   1 |   76.0 |
               +--------+--------+--------+--------+--------+-----+--------+

Top non-repeatable levels by time:
       D: 76 daAuts
